 Dungeon Crawl Stone Soup version 0.28.0-47-ge53b351184 (webtiles) character file.

Game seed: 1499031281992685060

4589 issech the Cutter (level 10, -29/88 HPs)
             Began as a Troll Monk on May 8, 2022.
             Was an Elder of Hepliaklqana.
             Annihilated by an orc knight
             ... wielding a +0 halberd
              (37 damage)
             ... in a bailey.
             The game lasted 00:36:28 (8675 turns).

issech the Cutter (Troll Monk)                      Turns: 8675, Time: 00:36:29

Health: -29/88     AC: 11    Str: 21    XL:     10   Next: 18%
Magic:  9/9        EV: 10    Int: 16    God:    Hepliaklqana [****..]
Gold:   467        SH: 10    Dex: 16    Spells: 9/9 levels left

rFire   x . .      SeeInvis +   J - +5 trident of Benevolence {flame, rPois rF- Int+4}
rCold   . . .      Faith    .   l - +3 kite shield "Oriusor" {Rampage Int+6 SInv}
rNeg    . . .      Spirit   .   h - +0 acid dragon scales
rPois   +          Reflect  .   r - +2 hat
rElec   .          Harm     .   d - +0 cloak
rCorr   +          Rampage  +   (gloves unavailable)
Will    .....                   (boots unavailable)
Stlth   ++........              o - amulet of the acrobat
HPRegen 1.04/turn               L - ring of flight
MPRegen 0.11/turn               a - ring of poison resistance

@: flying
A: reduced essence, large, unfitting armour, claws 3, regeneration 1, shaggy fur
1, tough skin 1
a: Renounce Religion, Recall Ancestor, Ancestor Identity, Transference, Idealise


You were in a bailey.
You worshipped Hepliaklqana.
Hepliaklqana was greatly pleased with you.
You visited 2 branches of the dungeon, and saw 10 of its levels.
You also visited: Bailey.

You collected 493 gold pieces.
You spent 26 gold pieces at shops.

Inventory:

Hand Weapons
 b - a +4 dagger of venom
 J - the +5 trident of Benevolence (weapon) {flame, rPois rF- Int+4}
   (You found it on level 6 of the Dungeon)

   It burns those it strikes, dealing additional fire damage.
   Int:       It affects your intelligence (+4).
   rF:        It makes you vulnerable to fire.
   rPois:     It protects you from poison.
 P - a +2 halberd of flaming
 R - a +1 halberd of protection
 V - a +0 great sword of protection
Missiles
 f - 101 bolts
 g - 50 sling bullets
 i - 276 stones (quivered)
 k - 174 arrows
 D - 37 poisoned darts
 K - 3 javelins
 N - a curare-tipped dart
 S - 4 throwing nets
Armour
 d - a +0 cloak (worn)
 h - +0 acid dragon scales (worn)
 l - the +3 kite shield "Oriusor" (worn) {Rampage Int+6 SInv}
   (You acquired it on level 8 of the Dungeon)

   Int:       It affects your intelligence (+6).
   SInv:      It lets you see invisible.
   Rampage:   It bestows one free step when moving towards enemies.
 n - an orb of light
 r - a +2 hat (worn)
 t - +1 steam dragon scales
Magical Staves
 Z - a staff of earth
Jewellery
 a - a ring of poison resistance (right claw)
 o - an amulet of the acrobat (around neck)
 B - a ring of ice
 L - a ring of flight (left claw)
 M - an amulet of the acrobat
Wands
 v - a wand of flame (38)
 F - a wand of iceblast (10)
 Y - a wand of mindburst (12)
Scrolls
 c - 3 scrolls of blinking
 m - 3 scrolls of teleportation
 p - 2 scrolls of fog
 q - a scroll of fear
 x - a scroll of magic mapping
 y - a scroll of enchant armour
 C - a scroll of amnesia
 I - 4 scrolls of enchant weapon
 T - a scroll of noise {unknown}
Potions
 e - 2 potions of flight {unknown}
 j - 3 potions of attraction {unknown}
 s - 2 potions of heal wounds {unknown}
 u - a potion of brilliance {unknown}
 w - 4 potions of mutation {unknown}
 z - 4 potions of invisibility {unknown}
 A - 2 potions of might {unknown}
 E - 2 potions of magic {unknown}
 G - a potion of resistance {unknown}
 H - 2 potions of curing {unknown}
 O - 2 potions of cancellation {unknown}
 Q - 3 potions of haste {unknown}
 X - a potion of berserk rage {unknown}


   Skills:
 + Level 5.9 Fighting
 + Level 6.2 Short Blades
 + Level 3.6 Maces & Flails
 + Level 5.6 Polearms
 + Level 1.7 Throwing
 + Level 0.6 Armour
 + Level 5.8 Dodging
 + Level 3.0 Stealth
 + Level 0.6 Shields


You had 9 spell levels left.
You didn't know any spells.
Your spell library contained the following spells:

 Spells                   Type           Power      Damage    Failure   Level
 Summon Small Mammal      Summ           0%         N/A       65%         1
 Blink                    Tloc           0%         N/A       78%         2
 Call Canine Familiar     Summ           0%         N/A       95%         3
 Summon Guardian Golem    Hex/Summ       0%         N/A       95%         3
 Manifold Assault         Tloc           0%         N/A       100%        5
 Storm Form               Tmut/Air       0%         N/A       100%        7


Dungeon Overview and Level Annotations

Branches:
Dungeon (9/15)             Temple (1/1) D:4          Bailey (1/1)
   Lair: D:8-11         Orc: D:9-12

Altars:
Ashenzari
Cheibriados
Dithmenos
Elyvilon
Fedhas
Gozag
Hepliaklqana
Kikubaaqudgha
Nemelex Xobeh
Okawaru
Qazlal
Ru
Sif Muna
Trog
Uskayaw
Vehumet
Wu Jian
Xom
Yredelemnul
Zin
The Shining One

Shops:
D:1 ?   D:5 =


Innate Abilities, Weirdness & Mutations

Your life essence is reduced to manifest your ancestor. (-10% HP)
You are too large for most types of armour.
You have claws for hands.
Your natural rate of healing is unusually fast.
You are covered in fur. (AC +1)
You have tough skin. (AC +1)


Message History

The puff of frost hits the orc warrior!
The orc warrior hits Bintanath with a +0 halberd!
The orc knight hits Bintanath with a +0 halberd!!!
Bintanath is destroyed!
The orc knight no longer looks unusually strong.
There is an open gate here.
An orc warrior comes into view. It is wielding a +0 trident.
The orc warrior shouts!
You rampage towards the orc warrior!
You hit the orc warrior. You burn the orc warrior.
The orc warrior is moderately wounded.
The orc warrior hits you with a +0 trident!
The orc knight roars a battlecry!
You block the orc warrior's attack.
You barely miss the orc warrior.
The orc warrior is moderately wounded.
The orc warrior hits you but does no damage.
You hit the orc warrior but do no damage.
The orc warrior is moderately wounded.
The orc knight roars a battlecry!
The orc warrior goes into a battle-frenzy!
You block the orc warrior's attack.
You barely miss the orc warrior.
The orc warrior is moderately wounded.
The orc warrior barely misses you.
You completely miss the orc warrior.
The orc warrior is moderately wounded.
You block the orc warrior's attack.
You puncture the orc warrior! You burn the orc warrior.
The orc warrior is severely wounded.
The orc warrior hits you with a +0 trident!
The orc knight roars a battlecry!
The orcs go into a battle-frenzy!
The orc warrior hits you with a +0 trident.
You puncture the orc warrior! You burn the orc warrior.
You kill the orc warrior!
The orc knight hits you from afar with a +0 halberd!!
* * * LOW HITPOINT WARNING * * *
The orc knight hits you from afar with a +0 halberd!!!
You die...

#.....#
#.....#
#.....#
#.....#
##'''##
##.....##
#...)ooo#
#..#.#..#
#.....@.#
#.....).#
#.......#
##.....##
#'''''#
#.....#
#.......#
#.......#
#.......#


You could see 2 orc knights and an orc warrior (strong).

Vanquished Creatures
  Harold (D:7)
  Sigmund (D:2)
  A wraith (D:8)
  A wyvern (D:9)
  An acid dragon (D:8)
  2 water moccasins (D:6)
  A sky beast (D:7)
  3 orc warriors (Bailey)
  An ogre (D:6)
  2 necrophages
  A centaur (D:8)
  A phantom (D:6)
  A kobold brigand (D:7)
  2 bullfrogs
  A water moccasin skeleton (D:5)
  4 wights (D:7)
  A centaur zombie (D:8)
  A bullfrog zombie (D:5)
  2 hounds
  A gnoll shaman (D:8)
  An iguana (D:5)
  Ijyb (D:3)
  An orc wizard (D:5)
  A howler monkey zombie (D:8)
  6 adders
  4 gnolls
  3 worms
  2 dart slugs (D:3)
  17 orcs
  8 bats
  3 endoplasms
  2 giant cockroaches
  11 hobgoblins
  4 jackals
  14 kobolds
  2 quokkas (D:2)
  2 ball pythons
  A frilled lizard (D:1)
  13 goblins
  4 rats
  A butterfly (D:4)
130 creatures vanquished.

Vanquished Creatures (collateral kills)
  Maurice (D:8)
  Maggie (D:8)
  A steam dragon (D:8)
  2 orc warriors (Bailey)
  A centaur (D:7)
  2 kobold brigands
  A bullfrog (D:4)
  A gnoll sergeant (D:7)
  2 scorpions
  A wight (D:7)
  A centaur zombie (D:8)
  2 iguanas
  An orc wizard (D:6)
  A hound skeleton (D:4)
  A howler monkey zombie (D:5)
  3 gnolls (D:8)
  An adder (D:5)
  An ufetubus (D:4)
  An adder skeleton (D:4)
  A dart slug (D:5)
  9 orcs
  2 goblins (D:9)
  3 hobgoblins
  A quokka (D:4)
  8 kobolds
  A butterfly (D:4)
50 creatures vanquished.

Vanquished Creatures (others)
  5 battlemagi
5 creatures vanquished.

Grand Total: 185 creatures vanquished

Notes
Turn   | Place    | Note
-------+----------+-------------------------------------------
     0 | D:1      | issech the Troll Monk began the quest for the Orb.
     0 | D:1      | Reached XP level 1. HP: 22/22 MP: 0/0
     4 | D:1      | Found a faded altar of an unknown god.
    88 | D:1      | Reached XP level 2. HP: 28/29 MP: 1/1
   651 | D:1      | Found Zoxzeet's Magic Scroll Boutique.
   659 | D:1      | Bought a scroll of identify for 26 gold pieces
  1277 | D:2      | Reached XP level 3. HP: 32/36 MP: 2/2
  1281 | D:2      | Noticed Sigmund
  1291 | D:2      | Killed Sigmund
  1292 | D:2      | Reached skill level 1 in Short Blades
  1292 | D:2      | Reached XP level 4. HP: 38/45 MP: 3/3
  1292 | D:2      | Reached XP level 5. HP: 45/53 MP: 4/4
  2077 | D:3      | Found a snail-covered altar of Cheibriados.
  2455 | D:3      | Noticed Ijyb
  2472 | D:3      | Reached XP level 6. HP: 61/61 MP: 5/5
  2484 | D:3      | Killed Ijyb
  2485 | D:3      | Reached skill level 2 in Short Blades
  2562 | D:3      | You fall into a shaft and drop 3 floors!
  2613 | D:6      | Noticed a water moccasin
  2627 | D:6      | Killed a water moccasin
  2628 | D:6      | Reached skill level 3 in Short Blades
  2705 | D:6      | Reached XP level 7. HP: 60/67 MP: 6/6
  2775 | D:5      | Entered Level 5 of the Dungeon
  2803 | D:6      | Reached skill level 1 in Throwing
  2996 | D:5      | Reached skill level 4 in Short Blades
  3052 | D:4      | Found a staircase to the Ecumenical Temple.
  3058 | Temple   | Entered the Ecumenical Temple
  3198 | Temple   | Became a worshipper of Hepliaklqana the Forgotten
  3198 | Temple   | Reached * piety under Hepliaklqana
  3198 | Temple   | Reached ** piety under Hepliaklqana
  3199 | Temple   | Remembered your ancestor Bintanath as a battlemage
  4620 | D:4      | Reached XP level 8. HP: 59/70 MP: 7/7
  4898 | D:5      | Found Wupnieni's Jewellery Emporium.
  5040 | D:5      | Reached skill level 5 in Short Blades
  5622 | D:6      | Reached *** piety under Hepliaklqana
  5732 | D:6      | Identified the +5 trident of Benevolence {flame, rPois rF-
                  | Int+4}
  6293 | D:7      | Noticed Harold
  6364 | D:7      | Killed Harold
  6365 | D:7      | Reached skill level 6 in Short Blades
  6365 | D:7      | Reached skill level 1 in Polearms
  6365 | D:7      | Reached XP level 9. HP: 40/78 MP: 8/8
  6501 | D:7      | Reached skill level 5 in Fighting
  7031 | D:8      | Reached skill level 5 in Dodging
  7174 | D:8      | Noticed Maggie
  7182 | D:8      | Killed Maggie
  7254 | D:8      | Noticed Maurice
  7266 | D:8      | Killed Maurice
  7323 | D:8      | Reached skill level 5 in Polearms
  7443 | D:8      | Reached **** piety under Hepliaklqana
  7539 | D:8      | Reached XP level 10. HP: 88/88 MP: 9/9
  7756 | D:8      | Identified a scroll of acquirement
  7757 | D:8      | Acquired the +3 kite shield "Oriusor" {Rampage Int+6 SInv}
  8375 | D:9      | Found a flagged portal.
  8392 | Bailey   | Entered a bailey
  8592 | Bailey   | Noticed an orc knight
  8592 | Bailey   | Noticed an orc knight
  8623 | Bailey   | HP: 4/88 [orc knight/+0 halberd (13)]
  8675 | Bailey   | Annihilated by an orc knight

Illustrated notes

Levels and vault maps discovered:
D:1:      minmay_arrival_nine_rooms, layout_basic, serial_shops, shop_fountains,
          nicolae_ecumenical_lake_church, roderic_lattice_a
D:2:      minmay_skewed_foursquare, layout_loops_ring, grunt_decor_arrowhead,
          uniq_sigmund
D:3:      kennysheep_the_goblin_king, layout_basic, kennysheep_slug_shrine,
          st_stairs_4
D:4:      layout_cave_pods, minmay_temple_entry_butterflies, serial_glass,
          glass_columns_a, glass_columns_a, glass_columns_c, glass_columns_c,
          glass_columns_a
D:5:      layout_loops_cross, serial_shops, nicolae_shop_hallway_stairs,
          minmay_fractal_squares_5
D:6:      layout_cave_pods
D:7:      layout_rooms, uniq_harold
D:8:      layout_basic, palyth_stone_intersect, uniq_maggie, uniq_maurice
D:9:      layout_irregular_city, demons_altar, enter_bailey_4
Temple:   mainiacjoe_temple_big_plus
Bailey:   bailey_polearm_5, bailey

Skill      XL: |  1  2  3  4  5  6  7  8  9 |
---------------+----------------------------+-----
Maces & Flails | 3 |  3.6
Fighting       | 3 4 5 |  5.9
Short Blades   | 1 3 4 6 |  6.2
Dodging        | 3 4 5 |  5.8
Throwing       | 1 |  1.7
Stealth        | 2 3 |  3.0
Polearms       | 1 5 |  5.6
Armour         | |  0.6
Shields        | |  0.6

Action                   |  1- 3 |  4- 6 |  7- 9 | 10-12 || total
-------------------------+-------+-------+-------+-------++-------
Melee: Dagger            |    74 |   116 |   122 |       ||   312
       Mace              |     4 |       |       |       ||     4
       Punch             |     1 |       |       |       ||     1
       Trident           |       |       |   110 |    68 ||   178
Throw: Stone             |       |    12 |     8 |     6 ||    26
Invok: Ancestor Life: Ba |       |       |     1 |       ||     1
  Use: Scroll            |       |     2 |     9 |     3 ||    14
 Stab: Distracted        |       |       |     3 |       ||     3
       Sleeping          |       |       |       |     1 ||     1
Armor: Robe              |    29 |    28 |    50 |       ||   107
       Steam dragon scal |       |       |     2 |       ||     2
       Acid dragon scale |       |       |     1 |    47 ||    48
Dodge: Dodged            |    40 |    57 |   165 |    49 ||   311
Block: Kite shield       |       |       |       |    65 ||    65
